Map: Eternal Empire LE

Players

Seismic - Winner!

  • Race: Zerg Zerg
  • League: Gold
  • Spawn Location: 1:00

A.I. 1 (Very Easy)

  • Race: Protoss Protoss
  • Spawn Location: 7:00

VOD

Have the link to the VOD?

Description

Time

  • Played on: March 19, 2020, 7:55 p.m.
  • Length: 14:37
Show
View Real Time Build Order
Export as new Build Order

Seismic Zerg - Winner!

Build Orders: Hatch First 

Get SALT Encoding   

  12  0:01  Drone  
  13  0:13  Overlord  
  13  0:18  Drone  
  14  0:32  Drone x2  
  14  0:35  Drone  
  17  0:47  Drone  
  18  0:56  Hatchery  
  17  1:00  Drone  
  18  1:09  Extractor  
  17  1:13  Drone  
  18  1:22  Spawning Pool  
  17  1:26  Drone  
  18  1:33  Drone  
  19  1:42  Overlord  
  19  2:08  Queen  
  19  2:09  Queen  
  19  2:10  Zergling x2  
  19  2:11  Zergling x2  
  19  2:12  Drone  
  19  2:13  Drone  
  27  2:17  Metabolic Boost  
  27  2:23  Drone  
  28  2:30  Drone x2  
  30  2:52  Hatchery  
  30  2:56  Queen  
  31  3:00  Overlord  
  31  3:01  Drone  
  31  3:04  Drone  
  33  3:06  Drone  
  33  3:10  Drone  
  35  3:17  Pneumatized Carapace  
  35  3:26  Drone x2  
  37  3:27  Drone  
  37  3:28  Drone  
  37  3:29  Drone x2  
  37  3:32  Drone  
  42  3:34  Drone  
  42  3:38  Overlord  
  43  3:58  Zergling x2  
  43  3:59  Zergling x12  
  43  4:00  Zergling x4  
  52  4:03  Overlord  
  52  4:19  Baneling Nest  
  51  4:27  Spore Crawler  
  50  4:33  Drone  
  50  4:34  Drone x3  
  50  4:35  Drone x3  
  50  4:36  Drone x4, Overlord  
  50  4:37  Overlord  
  61  4:39  Spore Crawler  
  60  4:46  Spore Crawler  
  60  4:49  Queen  
  61  4:58  Extractor  
  60  5:02  Drone, Extractor  
  60  5:03  Drone x5  
  65  5:25  Drone  
  65  5:26  Drone x5  
  71  5:37  Lair  
  71  5:47  Evolution Chamber  
  71  5:49  Evolution Chamber  
  69  6:20  Drone x3  
  69  6:21  Drone x6  
  69  6:23  Drone x2  
  80  6:26  Drone x2  
  80  6:28  Overlord x4  
  82  6:41  Extractor  
  81  6:55  Extractor x2  
  79  7:15  Hatchery  
  79  7:18  Hydralisk Den, Zerg Melee Weapons Level 1  
  79  7:20  Zerg Ground Armor Level 1  
  77  7:48  Hydralisk x5  
  77  7:49  Hydralisk x5  
  77  7:51  Zergling x16  
  101  7:52  Zergling x14  
  101  7:53  Zergling x4  
  101  7:54  Centrifical Hooks  
  101  7:58  Grooved Spines  
  113  8:12  Baneling  
  112  8:15  Baneling x3  
  112  8:16  Baneling x8  
  112  8:17  Baneling x5  
  112  8:34  Drone x7  
  115  8:35  Overlord  
  115  8:36  Overlord x5  
  115  8:37  Overlord x4  
  119  8:52  Hatchery  
  119  8:54  Hatchery  
  117  9:06  Hydralisk  
  117  9:07  Hydralisk x8  
  117  9:08  Zergling x2  
  117  9:09  Muscular Augments, Zergling x12  
  142  9:25  Zerg Ground Armor Level 2  
  142  9:26  Zerg Melee Weapons Level 2  
  142  9:30  Hydralisk  
  142  9:31  Hydralisk x7  
  158  9:51  Hydralisk x8  
  174  9:56  Baneling x4  
  174  9:58  Overseer  
  174  9:59  Overseer  
  174  10:08  Zergling x2  
  174  10:09  Infestation Pit, Zergling x24  
  186  10:15  Drone x4  
  186  10:21  Extractor x2  
  188  10:39  Hatchery  
  187  10:50  Drone x3  
  187  10:51  Drone x5  
  187  10:52  Hydralisk x2  
  199  11:01  Hive  
Show
View Real Time Build Order
Export as new Build Order

A.I. 1 (Very Easy) Protoss 

Build Orders:  

Get SALT Encoding   

  12  0:00  Probe  
  13  0:13  Probe  
  14  0:20  Pylon  
  14  0:37  Assimilator  
  14  0:43  Gateway  
  14  0:46  Pylon  
  14  1:16  Assimilator  
  14  1:24  Probe  
  14  1:30  Zealot  
  14  1:32  Cybernetics Core, Probe  
  18  1:40  Probe  
  19  1:51  Probe  
  20  2:00  Probe  
  20  2:08  Warp Gate, Probe  
  22  2:43  Stalker  
  24  7:15  Probe  
  24  7:21  Adept, Pylon  
  27  7:23  Robotics Facility, Probe  
  27  7:27  Nexus  
  28  7:33  Probe  
  29  7:42  Probe  
  30  8:04  Observer  
  27  8:16  Stalker  
  27  8:19  Observer  
  30  8:40  Probe  
  31  8:47  Probe, Assimilator  
  31  8:52  Assimilator  
  31  8:54  Probe  
  32  9:02  Probe  
  33  9:09  Probe  
  34  9:12  Zealot  
  34  9:16  Probe  
  37  9:23  Probe  
  38  9:30  Probe  
  39  9:37  Probe  
  40  9:41  Probe  
  41  9:52  Probe  
  42  9:58  Probe  
  43  10:06  Probe  
  44  10:13  Probe  
  45  10:21  Probe  
  46  10:26  Probe  
  47  10:33  Pylon  
  47  10:35  Probe  
  48  11:43  Stalker  
  48  11:46  Pylon  
  48  11:47  Probe  
  22  12:01  Probe  
  22  12:06  Pylon  
  23  12:13  Probe  
Tags
 
League
Gold
Matchup
PvZ
Spawn Locations
Cross Positions
Add a new tag
Caveats
  • Supply blocks, unpowered buildings, or Contaminate may cause inaccurate times.
  • Supply counts are checked every 10 seconds.